 Dungeon Crawl Stone Soup version 0.26-a0-611-g354ed81 (webtiles) character file.

Game seed: 1884256598901217481

902 B1Gdaddy5 the Chopper (level 7, 0/81 HPs)
             Began as a Deep Dwarf Fighter on Sept 6, 2020.
             Was an Initiate of Hepliaklqana.
             Slain by a killer bee (5 damage)
             ... on level 5 of the Dungeon.
             The game lasted 01:09:21 (3880 turns).

B1Gdaddy5 the Chopper (Deep Dwarf Fighter)          Turns: 3880, Time: 01:09:22

Health: 0/81       AC:  7    Str: 21    XL:     7   Next: 80%
Magic:  3/3        EV:  8    Int:  9    God:    Hepliaklqana [......]
Gold:   311        SH: 10    Dex: 12    Spells: 6/6 levels left

rFire    x . .     SeeInvis .   a - +2 war axe
rCold    + . .     Faith    .   c - +0 kite shield
rNeg     . . .     Spirit   .   b - +0 scale mail
rPois    .         Reflect  .   (no helmet)
rElec    .         Harm     .   (no cloak)
rCorr    .                      (no gloves)
MR       +....                  (no boots)
Stlth    ..........             (no amulet)
HPRegen  0.00/turn              q - ring of ice
MPRegen  0.08/turn              (no ring)

@: berserking (expiring), lethally poisoned (0 -> 0), non-regenerating, very
quick
A: damage resistance, heal wounds, reduced essence, sense surroundings 1, no
regeneration
a: Heal Wounds, Recall Ancestor, Ancestor Identity, Renounce Religion


You were on level 5 of the Dungeon.
You worshipped Hepliaklqana.
Hepliaklqana was noncommittal.
You visited 1 branch of the dungeon, and saw 5 of its levels.

You collected 311 gold pieces.

Inventory:

Hand Weapons
 a - a +2 war axe (weapon)
Missiles
 e - 5 javelins
 t - a silver javelin (quivered)
Armour
 b - a +0 scale mail (worn)
 c - a +0 kite shield (worn)
Jewellery
 q - a ring of ice (left hand)
Wands
 i - a wand of random effects (13)
 s - a wand of digging (3)
Scrolls
 d - a scroll of magic mapping {unknown}
 h - a scroll of fear {unknown}
 k - a scroll of immolation {unknown}
 p - 2 scrolls of blinking {unknown}
 r - 2 scrolls of remove curse
Potions
 f - a potion of curing {unknown}
 g - a potion of haste {unknown}
 l - 2 potions of mutation
 m - a potion of ambrosia {unknown}
 n - 2 potions of brilliance


   Skills:
 - Level 2.6 Fighting
 * Level 7.3 Axes
 - Level 5.7 Armour
 + Level 5.9 Shields


You had 6 spell levels left.
You didn't know any spells.
Your spell library contained the following spells:

 Spells                   Type           Power        Failure   Level
 Corona                   Hex            #......      98%         1
 Ensorcelled Hibernation  Hex/Ice        #.....       99%         2
 Confusing Touch          Hex            #.......     100%        3
 Dazzling Flash           Conj/Hex       #.....       100%        3
 Tukima's Dance           Hex            #.......     100%        3


Dungeon Overview and Level Annotations

Branches:
Dungeon (5/15)
 Temple: D:4-7

Altars:
Fedhas
Hepliaklqana
Kikubaaqudgha
Okawaru

Annotations:
D:4 exclusion: oklob plant


Innate Abilities, Weirdness & Mutations

You are resistant to damage.
You can heal yourself by infusing magical energy.
You passively map a small area around you.
You do not regenerate.
Your life essence is reduced to manifest your ancestor. (-10% HP)


Message History

The killer bee stings you but does no damage.
The killer bee stings you.
You are more poisoned.
The killer bee poisons you!
You are too berserk!
Okay, then.
You miss the killer bee.
You feel sick. The killer bee stings you.
You slash the killer bee!
The killer bee is heavily wounded.
You feel sick. The killer bee barely misses you. The killer bee stings you.
* * * LOW HITPOINT WARNING * * *
You barely miss the killer bee.
The killer bee is heavily wounded.
You feel sick. The killer bee stings you.
* * * LOW HITPOINT WARNING * * *
The killer bee stings you.
You barely miss the killer bee.
The killer bee is heavily wounded.
You feel sick. The killer bee stings you!
You die...

* #########
*,*##.......##
#@y#####⌠(# *
#†##...##.# ,
#.#.⌠[⌠.#†###
#.'..<..#=..#
#.#.⌠.⌠.#(#.#
#.##...##(#.# ,
#.⌠#####⌠.#.######
##.......##.......
#################


You could see a killer bee.

Vanquished Creatures
  The ghost of Deathlysoul the Skirmisher, an amateur MiFi (D:4)
  2 ogres (D:4)
  4 killer bees (D:5)
  A hound (D:4)
  An orc wizard (D:4)
  An orc priest (D:4)
  An iguana (D:3)
  2 worker ants (D:4)
  5 adders
  2 oozes (D:1)
  An adder zombie (D:3)
  3 worms
  5 dart slugs
  5 leopard geckos
  12 orcs
  6 bats
  5 giant cockroaches
  5 goblins
  12 hobgoblins
  3 jackals (D:3)
  6 quokkas
  2 ball pythons
  3 frilled lizards
  5 kobolds
  2 quokka skeletons (D:4)
  5 rats
100 creatures vanquished.

Vanquished Creatures (collateral kills)
  A killer bee (D:5)
  A worker ant (D:4)
  An adder skeleton (D:4)
3 creatures vanquished.

Vanquished Creatures (others)
  2 ancestors (D:5)
  2 plants (D:3)
4 creatures vanquished.

Grand Total: 107 creatures vanquished

Notes
Turn   | Place    | Note
-------+----------+-------------------------------------------
     0 | D:1      | B1Gdaddy5 the Deep Dwarf Fighter began the quest for the
                  | Orb.
     0 | D:1      | Reached XP level 1. HP: 20/20 MP: 1/1
   290 | D:1      | Reached XP level 2. HP: 27/27 MP: 2/2
   615 | D:1      | Reached skill level 3 in Axes
  1157 | D:2      | Reached XP level 3. HP: 33/33 MP: 3/3
  1588 | D:2      | Reached XP level 4. HP: 40/40 MP: 4/4
  1875 | D:3      | Reached skill level 4 in Axes
  2211 | D:3      | Found a large runed translucent door.
  2259 | D:3      | Reached XP level 5. HP: 34/46 MP: 5/5
  2346 | D:3      | Found a large runed translucent door.
  2347 | D:3      | Noticed Deathlysoul's ghost (amateur MiFi)
  2695 | D:3      | Found a faded altar of an unknown god.
  2718 | D:3      | Became a worshipper of Fedhas Madash
  2718 | D:3      | Reached * piety under Fedhas
  2795 | D:4      | Noticed an ogre
  2848 | D:4      | Killed Deathlysoul's ghost
  2848 | D:4      | Reached skill level 5 in Axes
  2848 | D:4      | Reached XP level 6. HP: 13/55 MP: 5/5
  2863 | D:4      | Reached skill level 5 in Armour
  2924 | D:4      | Found an ancient bone altar of Kikubaaqudgha.
  2929 | D:4      | Found a hazy altar of Hepliaklqana.
  2959 | D:4      | Fell from the grace of Fedhas
  2961 | D:4      | Became a worshipper of Hepliaklqana the Forgotten
  2991 | D:4      | Reached skill level 6 in Axes
  2991 | D:4      | Reached skill level 5 in Shields
  3049 | D:4      | Reached XP level 7. HP: 29/54 MP: 5/5
  3391 | D:4      | Noticed a wandering mushroom
  3391 | D:4      | Noticed an oklob plant
  3391 | D:4      | Noticed a wandering mushroom
  3570 | D:5      | Entered Level 5 of the Dungeon
  3658 | D:5      | Reached skill level 7 in Axes
  3669 | D:5      | Found an iron altar of Okawaru.
  3880 | D:5      | Slain by a killer bee

Illustrated notes

Levels and vault maps discovered:
D:1:      dpeg_arrival_long_road, layout_basic
D:2:      layout_basic
D:3:      corexii_shack_village, layout_basic, chequers_ecumenical_altar_lobes,
          ebering_ghost_disaster_area
D:4:      kennysheep_spiral_hall, layout_rooms,
          chequers_temple_overflow_statue_of_worship
D:5:      layout_basic, nemelex_xobeh_ov_fountains_minmay, grunt_ministairs_11,
          okawaru_trees_1

Skill      XL: |  1  2  3  4  5  6  7 |
---------------+----------------------+-----
Axes           | 3 4 5 6 7 |  7.3
Shields        | 4 5 |  5.9
Armour         | 4 5 |  5.7
Fighting       | |  2.6

Action                   |  1- 3 |  4- 6 |  7- 9 || total
-------------------------+-------+-------+-------++-------
Melee: War axe           |    55 |   120 |    71 ||   246
Throw: Javelin           |    30 |    42 |    16 ||    88
       Stone             |     1 |       |       ||     1
Invok: Ancestor Identity |       |     1 |       ||     1
       Renounce Religion |       |     1 |       ||     1
       Recall Ancestor   |       |       |     1 ||     1
 Abil: Heal Wounds       |       |     3 |     9 ||    12
  Use: Scroll            |     3 |     6 |     4 ||    13
       Potion            |       |     1 |     3 ||     4
 Stab: Distracted        |       |     1 |       ||     1
Armor: Scale mail        |    21 |    43 |    48 ||   112
Dodge: Dodged            |    25 |    42 |    37 ||   104
Block: Kite shield       |    32 |    69 |    87 ||   188

Table legend: (Time is in decaauts)
 A = Elapsed time spent in this place.
 B = Non-inter-level travel time spent in this place.
 C = Inter-level travel time spent in this place.
 D = Time resting spent in this place.
 E = Time spent auto-exploring this place.
 F = Levels seen in this place.
 G = Mean time per level.
                   A        B        C        D        E       F      G
               +--------+--------+--------+--------+--------+-----+--------+
         Total |   4011 |   4011 |      0 |    200 |   1625 |   5 |  802.2 |
       Dungeon |   4011 |   4011 |      0 |    200 |   1625 |   5 |  802.2 |
               +--------+--------+--------+--------+--------+-----+--------+

Top non-repeatable levels by time:
     D:1: 1151 daAuts
     D:3: 1142 daAuts
     D:4: 814 daAuts
     D:2: 592 daAuts
     D:5: 311 daAuts
